 Dungeon Crawl Stone Soup version 0.27.1-2-g3b301248ec (webtiles) character file.

Game seed: 15660015337861564047

62 babuloseo the Sneak (level 4, -2/29 HPs)
             Began as an Octopode Brigand on Sept 24, 2021.
             Was a Follower of Ashenzari.
             Slain by a goblin (4 damage)
             ... on level 3 of the Dungeon.
             The game lasted 00:02:04 (1964 turns).

babuloseo the Sneak (Octopode Brigand)              Turns: 1964, Time: 00:02:05

Health: -2/29      AC:  1    Str: 10    XL:     4   Next: 8%
Magic:  4/4        EV: 13    Int: 13    God:    Ashenzari [*.....]
Gold:   98         SH:  0    Dex: 14    Spells: 3/3 levels left

rFire    + . .     SeeInvis .   d - +0 long sword "Chained the Doldrums" {elec, Alch, Bglg} (curse)
rCold    . . .     Faith    .   (no shield)
rNeg     . . .     Spirit   .   (helmet restricted)
rPois    .         Reflect  .   (no amulet)
rElec    .         Harm     .   k - ring "Profound Portent" {rF+, Comp, Fort} (curse)
rCorr    .         Rampage  .   (no ring)
Will     .....                  (no ring)
Stlth    ++++......             (no ring)
HPRegen  0.09/turn              (no ring)
MPRegen  0.09/turn              (no ring)
                                (no ring)
                                (no ring)

@: no status effects
A: almost no armour, amphibious, 8 rings, camouflage 1, gelatinous body 1,
(nimble swimmer 1), tentacles
a: Renounce Religion, Shatter the Chains


You were on level 3 of the Dungeon.
You worshipped Ashenzari.
Ashenzari was aware of your devotion.
You visited 1 branch of the dungeon, and saw 3 of its levels.

You collected 98 gold pieces.

Inventory:

Hand Weapons
 a - a +2 dagger
 d - the cursed +0 long sword "Chained the Doldrums" (weapon) {elec, Alch, Bglg}
   (You found it on level 1 of the Dungeon)

   It occasionally discharges a powerful burst of electricity upon striking a
   foe.
   It has a curse which improves the following skills: Alchemy: Poison Magic and
   Transmutations.
   Beguiling: Conjurations, Hexes and Translocations.
Missiles
 b - 8 poisoned darts (quivered)
 c - 2 curare-tipped darts
Jewellery
 k - the cursed ring "Profound Portent" (left tentacle) {rF+, Comp, Fort}
   (You found it on level 2 of the Dungeon)

   [ring of protection from fire]

   rF:        It protects you from fire.
   It has a curse which improves the following skills: Companions: Summonings
   and Necromancy.
   Fortitude: Shields.
Scrolls
 f - a scroll of immolation
 g - a scroll of noise
 h - 2 scrolls of identify
 i - a scroll of amnesia
Potions
 e - 2 potions of degeneration


   Skills:
 + Level 2.1 Fighting
 + Level 2.1(2.4) Short Blades
 * Level 1.7(2.2) Long Blades
 - Level 2.0 Throwing
 + Level 1.1 Dodging
 + Level 6.7 Stealth


You had 3 spell levels left.
You didn't know any spells.
Your spell library contained the following spells:

 Spells                   Type           Power      Damage    Failure   Level
 Animate Dead             Necr           0%         N/A       96%         4
 Haunt                    Necr/Summ      0%         N/A       100%        7
 Infestation              Necr           0%         N/A       100%        8


Dungeon Overview and Level Annotations

Branches:
Dungeon (3/15)

Altars:
Ashenzari


Innate Abilities, Weirdness & Mutations

You cannot wear most types of armour.
You are amphibious.
You can wear up to eight rings at the same time.
Your skin changes colour to match your surroundings (Stealth+).
Your rubbery body absorbs attacks. (AC +1, EV +1)
((You are camouflaged near water. (Stealth+)))
You have tentacles for arms and can constrict up to eight enemies at once.


Message History

The endoplasm jiggles.
The giant cockroach bites you.
* * * LOW HITPOINT WARNING * * *
Unknown command.
You feel better. The giant cockroach bites you.
You completely miss the giant cockroach.
You grab the giant cockroach. You constrict the giant cockroach.
The giant cockroach misses you.
You slash the giant cockroach!
You kill the giant cockroach!
You hit the goblin. You grab the goblin.
The goblin is moderately wounded.
You constrict the goblin.
You kill the goblin!
You closely miss the frilled lizard. You grab the frilled lizard.
Your squeeze misses the frilled lizard. You constrict the frilled lizard.
The frilled lizard misses you.
You riposte.
You barely miss the frilled lizard.
The frilled lizard is heavily wounded.
The frilled lizard bites you.
You hit the frilled lizard.
You kill the frilled lizard!
The goblin shoots a stone.
The stone hits you.
* * * LOW HITPOINT WARNING * * *
The endoplasm freezes you.
You are frozen.
* * * LOW HITPOINT WARNING * * *
The goblin unwields a +0 hunting sling.
The goblin wields a +0 dagger.
The goblin hits you but does no damage.
Things that are here:
a +0 club; a giant cockroach corpse You slash the endoplasm!
You kill the endoplasm!
The goblin barely misses you.
You riposte.
You closely miss the goblin. You grab the goblin. You squeeze the goblin.
The goblin is moderately wounded.
Unknown command.
You release your grip on the goblin.
The goblin hits you with a +0 dagger.
* * * LOW HITPOINT WARNING * * *
The goblin hits you with a +0 dagger.
You die...

##.#####################
#>...........
#............
##.#....##(# #.#....##.#
#.#.......#
#.#....##########
#.#...)g)........
#.#...@.#########
#.###+#......... #.#
#.......#### #.#
#....)..# #.##...)†...+
#<##.......(#
####........#
#.........# #.........#


You could see a goblin.

Vanquished Creatures
  2 worms (D:2)
  An orc (D:3)
  4 bats
  4 endoplasms
  7 giant cockroaches
  5 hobgoblins
  6 jackals (D:2)
  4 kobolds
  A quokka (D:2)
  5 ball pythons
  3 frilled lizards
  2 goblins
  5 rats
49 creatures vanquished.

Notes
Turn   | Place    | Note
-------+----------+-------------------------------------------
     0 | D:1      | babuloseo the Octopode Brigand began the quest for the Orb.
     0 | D:1      | Reached XP level 1. HP: 14/14 MP: 1/1
   171 | D:1      | Reached XP level 2. HP: 19/19 MP: 2/2
   282 | D:1      | Reached skill level 6 in Stealth
   460 | D:1      | Found a faded altar of an unknown god.
   482 | D:1      | Became a worshipper of Ashenzari the Shackled
   888 | D:2      | Reached XP level 3. HP: 24/24 MP: 3/3
  1157 | D:2      | Reached skill level 1 in Long Blades
  1562 | D:2      | Reached * piety under Ashenzari
  1950 | D:3      | Reached XP level 4. HP: 11/29 MP: 4/4
  1964 | D:3      | Slain by a goblin

Illustrated notes

Levels and vault maps discovered:
D:1:      dpeg_arrival_more_subterranean_lakeside_camping, layout_basic,
          ebering_ecumenical_altar_mist, supply_closet_lemuel
D:2:      layout_basic
D:3:      layout_basic, chequers_temple_overflow_minitemple

Skill      XL: |  1  2  3 |
---------------+----------+-----
Stealth        | 6 |  6.7
Long Blades    | 1 |  1.7
Fighting       | |  2.1
Short Blades   | |  2.1
Throwing       | |  2.0
Dodging        | |  1.1

Action                   |  1- 3 |  4- 6 || total
-------------------------+-------+-------++-------
Melee: Dagger            |    10 |       ||    10
       Constrict         |    16 |     4 ||    20
       Tentacles         |    10 |     1 ||    11
       Long sword        |    53 |     6 ||    59
Invok: Curse Item        |     2 |       ||     2
  Use: Potion            |       |     1 ||     1
 Stab: Sleeping          |    21 |       ||    21
Armor: Skin              |     8 |     1 ||     9
Dodge: Dodged            |    29 |     3 ||    32
       Rpst.: Long sword |     9 |     2 ||    11
